PUBAA
LA GRANGE ZZ'S @ CASTLETON-ON-HUDSON TURBINES
08/02/1972
 
TOP OF THE 1ST
La Grange ZZ's batting - Pitching for Castleton-on-Hudson Turbines : RHP Andy Bowen
Pitching: RHP Andy Bowen
Batting: SHB Bob MacPherson 0-0: Called Strike
0-1: Foul Ball, location: 2F
0-2: Ground out 3-1 (Groundball, 34, EV 106.9 MPH)
Batting: RHB Ricardo Castro 0-0: Ball
1-0: Ground out 6-3 (Groundball, 6, EV 104.4 MPH)
Batting: LHB Rich Chiles 0-0: Called Strike
0-1: Ground out 5-3 (Groundball, 56S, EV 84.4 MPH)
Top of the 1st over - 0 runs, 0 hits, 0 errors, 0 left on base; La Grange 0 - Castleton-on-Hudson 0
BOTTOM OF THE 1ST
Castleton-on-Hudson Turbines batting - Pitching for La Grange ZZ's : RHP Dave Bowman
Pitching: RHP Dave Bowman
Batting: RHB Fred Lynch 0-0: Ball
1-0: Ground out 6-3 (Groundball, 6, EV 83.8 MPH)
Batting: RHB Roberto Alfonso 0-0: Ball
1-0: DOUBLE (Groundball, 5L, EV 110.0 MPH)
Batting: RHB Norberto Cruz 0-0: Fly out, F3 (Popup, 3, EV 60.6 MPH)
Batting: LHB Corey Brooks 0-0: Ball
1-0: Ball
2-0: Foul Ball, location: 25F
2-1: Ball
3-1: Base on Balls
Batting: SHB Jimmy Rosario 0-0: Called Strike
0-1: Ball
1-1: Foul Ball, location: 7LMFF
1-2: Fly out, F7 (Line Drive, 7D, EV 93.1 MPH)
Bottom of the 1st over - 0 runs, 1 hit, 0 errors, 2 left on base; La Grange 0 - Castleton-on-Hudson 0
TOP OF THE 2ND
La Grange ZZ's batting - Pitching for Castleton-on-Hudson Turbines : RHP Andy Bowen
Batting: RHB Ben Bell 0-0: Ball
1-0: Ground out 5-3 (Groundball, 56, EV 88.8 MPH)
Batting: LHB Javier González 0-0: Called Strike
0-1: Ball
1-1: Ball
2-1: Called Strike
2-2: Strikes out swinging
Batting: RHB Fred Wilson 0-0: Foul Ball, location: 25F
0-1: Swinging Strike
0-2: Strikes out swinging
Top of the 2nd over - 0 runs, 0 hits, 0 errors, 0 left on base; La Grange 0 - Castleton-on-Hudson 0
BOTTOM OF THE 2ND
Castleton-on-Hudson Turbines batting - Pitching for La Grange ZZ's : RHP Dave Bowman
Batting: LHB Paul Haynes 0-0: Foul Ball, location: 7LMF
0-1: Foul Ball, location: 2RF
0-2: Ball
1-2: Fly out, F9 (Line Drive, 9D, EV 91.9 MPH)
Batting: LHB Milt May 0-0: Foul Ball, location: 25FF
0-1: Foul Ball, location: 2F
0-2: Ball
1-2: Strikes out looking
Batting: RHB John Booker 0-0: Fly out, F9 (Flyball, 89S, EV 93.1 MPH)
Bottom of the 2nd over - 0 runs, 0 hits, 0 errors, 0 left on base; La Grange 0 - Castleton-on-Hudson 0
TOP OF THE 3RD
La Grange ZZ's batting - Pitching for Castleton-on-Hudson Turbines : RHP Andy Bowen
Batting: RHB Pat Myers 0-0: Ball
1-0: SINGLE (Groundball, 15S, EV 73.8 MPH) (infield hit)
Batting: RHB Dan Maines 0-0: Called Strike
Pat Myers is caught stealing 2nd base 2-4
0-1: Ball
1-1: Ball
2-1: Foul Ball, location: 9LDF
2-2: Foul Ball, location: 7LDF
2-2: Ground out 3-1 (Groundball, 34, EV 86.3 MPH)
Batting: RHB Dan Monzon 0-0: Ground out 6-3 (Groundball, 6, EV 100.0 MPH)
Top of the 3rd over - 0 runs, 1 hit, 0 errors, 0 left on base; La Grange 0 - Castleton-on-Hudson 0
BOTTOM OF THE 3RD
Castleton-on-Hudson Turbines batting - Pitching for La Grange ZZ's : RHP Dave Bowman
Batting: RHB Howard Pennington 0-0: Called Strike
0-1: Swinging Strike
0-2: SINGLE (Flyball, 89S, EV 88.8 MPH)
Batting: RHB Fred Lynch 0-0: Ball
1-0: Sac Bunt to 13 - play at first, batter OUT! 1-3
Howard Pennington to second
Batting: RHB Roberto Alfonso 0-0: Called Strike
0-1: Foul Ball, location: 2F
0-2: Ball
1-2: Strikes out swinging
Batting: RHB Norberto Cruz 0-0: Ball
1-0: Called Strike
1-1: Ball
2-1: Ground out 6-3 (Groundball, 56, EV 107.5 MPH)
Bottom of the 3rd over - 0 runs, 1 hit, 0 errors, 1 left on base; La Grange 0 - Castleton-on-Hudson 0
TOP OF THE 4TH
La Grange ZZ's batting - Pitching for Castleton-on-Hudson Turbines : RHP Andy Bowen
Batting: SHB Bob MacPherson 0-0: Called Strike
0-1: Ball
1-1: Ball
2-1: Ball
3-1: Base on Balls
Batting: RHB Ricardo Castro Pickoff Throw to First - Out! 1-3
0-0: Ball
1-0: Ball
2-0: Ball
3-0: Called Strike
3-1: Called Strike
3-2: Strikes out swinging
Batting: LHB Rich Chiles 0-0: Called Strike
0-1: Ball
1-1: Ball
2-1: Ball
3-1: Base on Balls
Batting: RHB Ben Bell 0-0: Ball
1-0: Fly out, F4 (Popup, 4S, EV 85.0 MPH)
Top of the 4th over - 0 runs, 0 hits, 0 errors, 1 left on base; La Grange 0 - Castleton-on-Hudson 0
BOTTOM OF THE 4TH
Castleton-on-Hudson Turbines batting - Pitching for La Grange ZZ's : RHP Dave Bowman
Batting: LHB Corey Brooks 0-0: Called Strike
0-1: Foul Ball, location: 7LSF
0-2: Ball
1-2: Ball
2-2: Strikes out swinging
Batting: SHB Jimmy Rosario 0-0: Ground out 1-3 (Groundball, 13S, EV 71.9 MPH)
Batting: LHB Paul Haynes 0-0: Ball
1-0: Fly out, F9 (Flyball, 89D, EV 88.8 MPH)
Bottom of the 4th over - 0 runs, 0 hits, 0 errors, 0 left on base; La Grange 0 - Castleton-on-Hudson 0
TOP OF THE 5TH
La Grange ZZ's batting - Pitching for Castleton-on-Hudson Turbines : RHP Andy Bowen
Batting: LHB Javier González 0-0: Called Strike
0-1: Ball
1-1: Foul Ball, location: 2F
1-2: Foul Ball, location: 9LSF
1-2: Ball
2-2: DOUBLE (Line Drive, 5D, EV 102.5 MPH)
Batting: RHB Fred Wilson 0-0: Ball
1-0: Ball
2-0: Foul Ball, location: 3DF
2-1: Called Strike
2-2: Strikes out swinging
Batting: RHB Pat Myers 0-0: Swinging Strike
0-1: Called Strike
0-2: Foul Ball, location: 23F
0-2: Ball
1-2: Ball
2-2: Strikes out swinging
Batting: RHB Dan Maines 0-0: Called Strike
0-1: Ball
1-1: Ball
2-1: Ball
3-1: Swinging Strike
3-2: Foul Ball, location: 3F
3-2: Strikes out swinging
Top of the 5th over - 0 runs, 1 hit, 0 errors, 1 left on base; La Grange 0 - Castleton-on-Hudson 0
BOTTOM OF THE 5TH
Castleton-on-Hudson Turbines batting - Pitching for La Grange ZZ's : RHP Dave Bowman
Batting: LHB Milt May 0-0: Foul Ball, location: 2F
0-1: Ball
1-1: Foul Ball, location: 25F
1-2: Hit by Pitch
Batting: RHB John Booker 0-0: Called Strike
0-1: Ball
1-1: Ball
2-1: Bunted foul
2-2: Ball
3-2: DOUBLE (Line Drive, 7LD, EV 103.8 MPH)
Milt May to third
Runner from 3rd tries for Home, SAFE, no throw by LF
Batting: RHB Howard Pennington 0-0: Ball
1-0: Foul Ball, location: 9LSF
1-1: Ground out 6-3 (Groundball, 6, EV 101.3 MPH)
Batting: RHB Fred Lynch 0-0: Called Strike
0-1: Foul Ball, location: 2F
0-2: SINGLE (Groundball, 56S, EV 85.6 MPH) (infield hit)
John Booker to third
Batting: RHB Roberto Alfonso 0-0: Called Strike
0-1: Swinging Strike
0-2: Ball
1-2: SINGLE (Groundball, 56D, EV 109.4 MPH)
John Booker scores
Fred Lynch to second
Batting: RHB Norberto Cruz 0-0: Called Strike
0-1: Ball
1-1: Foul Ball, location: 2F
1-2: Strikes out swinging
Batting: LHB Corey Brooks 0-0: Ball
1-0: Ball
2-0: Foul Ball, location: 2F
2-1: Called Strike
2-2: Foul Ball, location: 7LSF
2-2: Ball
3-2: Foul Ball, location: 2F
3-2: Fly out, F2 (Popup, 2L, EV 93.1 MPH)
Bottom of the 5th over - 2 runs, 3 hits, 0 errors, 2 left on base; La Grange 0 - Castleton-on-Hudson 2
TOP OF THE 6TH
La Grange ZZ's batting - Pitching for Castleton-on-Hudson Turbines : RHP Andy Bowen
Batting: RHB Dan Monzon 0-0: SINGLE (Groundball, 34D, EV 110.6 MPH)
Batting: SHB Bob MacPherson 0-0: Ball
1-0: Ball
2-0: Called Strike
2-1: Bunt - Flyout to 15! F1
Batting: RHB Ricardo Castro 0-0: Ball
1-0: Fielders Choice at 2nd, 5-4 (Groundball, 56, EV 79.4 MPH)
Batting: LHB Rich Chiles 0-0: Ball
1-0: Called Strike
1-1: Swinging Strike
1-2: Foul Ball, location: 2F
1-2: Strikes out swinging
Top of the 6th over - 0 runs, 1 hit, 0 errors, 1 left on base; La Grange 0 - Castleton-on-Hudson 2
BOTTOM OF THE 6TH
Castleton-on-Hudson Turbines batting - Pitching for La Grange ZZ's : RHP Dave Bowman
Batting: SHB Jimmy Rosario 0-0: Ball
1-0: DOUBLE (Groundball, 3L, EV 95.0 MPH)
Batting: LHB Paul Haynes 0-0: Ball
1-0: Foul Ball, location: 5F
1-1: Ground out 6-3 (Groundball, 6, EV 83.1 MPH)
Batting: LHB Milt May 0-0: Swinging Strike
0-1: Ball
1-1: Ball
2-1: Ball
3-1: Base on Balls
Batting: RHB John Booker 0-0: Foul Ball, location: 3F
0-1: Swinging Strike
0-2: Strikes out looking
Batting: RHB Howard Pennington 0-0: Called Strike
0-1: Foul Ball, location: 9LDF
0-2: Strikes out swinging
Bottom of the 6th over - 0 runs, 1 hit, 0 errors, 2 left on base; La Grange 0 - Castleton-on-Hudson 2
TOP OF THE 7TH
La Grange ZZ's batting - Pitching for Castleton-on-Hudson Turbines : RHP Andy Bowen
Batting: RHB Ben Bell 0-0: Called Strike
0-1: Called Strike
0-2: Ball
1-2: DOUBLE (Flyball, 78D, EV 110.6 MPH)
Batting: LHB Javier González 0-0: Called Strike
0-1: Called Strike
0-2: Strikes out looking
Batting: RHB Fred Wilson 0-0: Ball
1-0: Foul Ball, location: 9LMF
1-1: Ball
2-1: Ground out 5-3 (Groundball, 56, EV 101.3 MPH)
Batting: RHB Pat Myers 0-0: Foul Ball, location: 2F
0-1: Ball
1-1: Called Strike
1-2: Ball
2-2: Strikes out swinging
Top of the 7th over - 0 runs, 1 hit, 0 errors, 1 left on base; La Grange 0 - Castleton-on-Hudson 2
BOTTOM OF THE 7TH
Castleton-on-Hudson Turbines batting - Pitching for La Grange ZZ's : RHP Dave Bowman
Batting: RHB Fred Lynch 0-0: DOUBLE (Line Drive, 89M, EV 100.6 MPH)
Pitching: RHP Bobby Cowhig
Batting: RHB Roberto Alfonso 0-0: Reached on error, E3 (Groundball, 3S, EV 69.4 MPH)
Batting: RHB Norberto Cruz 0-0: Called Strike
0-1: Fly out, F7 (Flyball, 7LM, EV 106.9 MPH)
Batting: LHB Corey Brooks 0-0: Called Strike
0-1: Fly out, F8 (Flyball, 8LXD, EV 87.5 MPH)
Runner from 2nd tags up, SAFE at 3rd, no throw by CF
Batting: SHB Jimmy Rosario 0-0: Called Strike
0-1: Foul Ball, location: 9LMF
0-2: Foul Ball, location: 9LDF
0-2: Fly out, F9 (Line Drive, 9, EV 98.8 MPH)
Bottom of the 7th over - 0 runs, 1 hit, 1 error, 2 left on base; La Grange 0 - Castleton-on-Hudson 2
TOP OF THE 8TH
La Grange ZZ's batting - Pitching for Castleton-on-Hudson Turbines : RHP Andy Bowen
Pitching: LHP Al Hrabosky
Batting: RHB Dan Maines 0-0: Called Strike
0-1: Ball
1-1: Called Strike
1-2: Strikes out swinging
Batting: RHB Dan Monzon 0-0: Called Strike
0-1: Foul Ball, location: 9LSF
0-2: Strikes out swinging
Batting: SHB Bob MacPherson 0-0: Swinging Strike
0-1: Foul Ball, location: 5SF
0-2: Foul Ball, location: 25FF
0-2: Strikes out swinging
Top of the 8th over - 0 runs, 0 hits, 0 errors, 0 left on base; La Grange 0 - Castleton-on-Hudson 2
BOTTOM OF THE 8TH
Castleton-on-Hudson Turbines batting - Pitching for La Grange ZZ's : RHP Bobby Cowhig
Batting: LHB Paul Haynes 0-0: Ball
1-0: Ball
2-0: Ball
3-0: Called Strike
3-1: SINGLE (Line Drive, 5D, EV 100.0 MPH)
Batting: LHB Milt May 0-0: Ball
1-0: Swinging Strike
Paul Haynes is caught stealing 2nd base 2-6
1-1: Ball
2-1: Ball
3-1: Called Strike
3-2: Strikes out looking
Batting: RHB John Booker 0-0: Ball
1-0: Called Strike
1-1: Foul Ball, location: 3F
1-2: Ball
2-2: Ball
3-2: Base on Balls
Batting: RHB Howard Pennington 0-0: Called Strike
0-1: Swinging Strike
0-2: Foul Ball, location: 3F
0-2: Strikes out looking
Bottom of the 8th over - 0 runs, 1 hit, 0 errors, 1 left on base; La Grange 0 - Castleton-on-Hudson 2
TOP OF THE 9TH
La Grange ZZ's batting - Pitching for Castleton-on-Hudson Turbines : LHP Al Hrabosky
Now at 3B: Stanley Gunter
Batting: RHB Ricardo Castro 0-0: Reached on error, E5 (Groundball, P, EV 86.3 MPH)
Pinch Hitting: RHB Tim Daly 0-0: Ball
1-0: Fly out, F7 (Flyball, 78D, EV 110.6 MPH)
Batting: RHB Ben Bell 0-0: Swinging Strike
0-1: Fly out, F9 (Line Drive, 9S, EV 91.3 MPH)
Pinch Hitting: SHB Pat Fox 0-0: Ball
1-0: Ball
2-0: Foul Ball, location: 2F
2-1: SINGLE (Groundball, 56S, EV 70.0 MPH) (infield hit)
Ricardo Castro to second
Pitching: RHP Steve Bryan
Batting: LHB Russell McDonald 0-0: Ball
1-0: Foul Ball, location: 7LMF
1-1: SINGLE (Groundball, 4D, EV 106.3 MPH)
Ricardo Castro to third
Pat Fox to second
Pinch Hitting: LHB Johnny Oates 0-0: Ball
1-0: Ball
2-0: Foul Ball, location: 5F
2-1: Foul Ball, location: 2F
2-2: Fly out, F8 (Flyball, 8LD, EV 106.3 MPH)
Top of the 9th over - 0 runs, 2 hits, 1 error, 3 left on base; La Grange 0 - Castleton-on-Hudson 2
Wednesday, April 17th , 2024 - OOTP Baseball 24.8 Build 75